AoeStats
← low cortisol gaming

Arena

509354011Analyzed
1v1 RM · 6d ago on Sep 26, 2026· 28m 37s· 2 players
Game mode
Random Map
Map size
Tiny (2 player)
Population
200
Speed
Normal
Resources
Standard
Victory
Conquest
Starting age
Dark Age
Ending age
Imperial Age
RankedLock teamsTeams togetherTeam positionsShared explorationLock speedFull tech treeHidden civsTurbo modeCheats
Victory
Defeat
🇨🇱 Huns · Chile
651
+17
🇦🇷 Bohemians · Argentina
671
-37
ChileAvaria
12:49 Feudal Age
11:05 Loom
17:31 Castle Age
19:27 Fletching
20:37 Bodkin Arrow
low cortisol gaming
11:58 Feudal Age
15:46 Horse Collar
19:27 Castle Age
21:45 Scale Mail Armor
21:55 Forging
23:04 Man-at-Arms
Connection lost

Rejoining the realm…

Still unreachable

The connection could not be restored.

Session expired

The server has moved on; the page needs a fresh start.